 Dungeon Crawl Stone Soup version 0.27.1 (webtiles) character file.

Game seed: 1644174293854814699

64 horus123 the Gusty (level 4, 0/24 HPs)
             Began as a Tengu Air Elementalist on Aug 23, 2021.
             Succumbed to an adder's poison
             ... on level 2 of the Dungeon on Aug 26, 2021.
             The game lasted 00:06:28 (1915 turns).

horus123 the Gusty (Tengu Air Elementalist)         Turns: 1915, Time: 00:06:29

Health: 0/24       AC:  4    Str:  8    XL:     4   Next: 12%
Magic:  4/9        EV: 12    Int: 16    God:
Gold:   43         SH:  0    Dex: 15    Spells: 2/8 levels left

rFire    + . .     SeeInvis .   (no weapon)
rCold    x . .     Faith    .   (no shield)
rNeg     . . .     Spirit   .   a - +0 robe
rPois    .         Reflect  .   f - +2 hat
rElec    .         Harm     .   (no cloak)
rCorr    .         Rampage  .   (no gloves)
Will     .....                  (boots unavailable)
Stlth    ++........             (no amulet)
HPRegen  0.08/turn              e - ring of fire
MPRegen  0.11/turn              (no ring)

@: lethally poisoned (0 -> -5)
A: beak, talons 3
a: no special abilities


You were on level 2 of the Dungeon.
You visited 1 branch of the dungeon, and saw 2 of its levels.

You collected 43 gold pieces.

Inventory:

Armour
 a - a +0 robe (worn)
 f - a +2 hat (worn)
Jewellery
 e - a ring of fire (left hand)
Scrolls
 b - a scroll of blinking {unknown}
 d - a scroll of teleportation
 h - a scroll of summoning {unknown}


   Skills:
 + Level 2.2 Dodging
 + Level 2.1 Stealth
 + Level 2.8 Spellcasting
 + Level 2.5 Conjurations
 + Level 5.1 Air Magic


You had 2 spell levels left.
You knew the following spells:

 Your Spells              Type           Power      Damage    Failure   Level
a - Shock                 Conj/Air       56%        1d6       4%          1
b - Static Discharge      Conj/Air       14%        N/A       6%          2
c - Swiftness             Air            18%        N/A       7%          3

Your spell library contained the following spells:

 Spells                   Type           Power      Damage    Failure   Level
 Airstrike                Air            9%         N/A       22%         4


Dungeon Overview and Level Annotations

Branches:
Dungeon (2/15)

Altars:

Shops:
D:1 *


Innate Abilities, Weirdness & Mutations

You have a beak for a mouth.
You have claws for feet.


Message History

The zap hits the quokka.
The quokka is almost dead.
Aiming: Shock (safe; 4% risk of failure)
Press: ? - help, Q - select action, (/) - cycle Shift-Dir - straight line The zap hits the quokka but does no damage.
The quokka is almost dead.
The quokka bites you but does no damage.
Unknown command.
Aiming: Shock (safe; 4% risk of failure)
Press: ? - help, Q - select action, (/) - cycle Shift-Dir - straight line The zap hits the quokka but does no damage.
The quokka is almost dead.
The quokka barely misses you.
Aiming: Shock (safe; 4% risk of failure)
Press: ? - help, Q - select action, (/) - cycle Shift-Dir - straight line The zap hits the quokka.
You kill the quokka!
Found a stone staircase leading down.
Found 23 arrows.
An adder comes into view.
The adder hisses angrily.
A goblin comes into view. It is wielding a +0 club.
Found 15 stones.
The adder barely misses you.
The goblin shouts!
The adder closely misses you.
The goblin unwields a +0 club.
The goblin wields a +0 hunting sling.
The goblin shoots a stone.
The stone hits you.
The goblin shoots a stone.
The stone barely misses you. The adder bites you.
* * * LOW HITPOINT WARNING * * *
You are lethally poisoned!
The adder poisons you!
The goblin shoots a stone.
The stone hits you but does no damage. The adder bites you but does no damage.
* * * LOW HITPOINT WARNING * * *
You feel sick.
The goblin shoots a stone.
The stone hits you.
* * * LOW HITPOINT WARNING * * *
* * * LOW HITPOINT WARNING * * *
You feel sick.
You die...

.#.##.#####......#
.#....#..........#
#####.#...†......##
# ###.....#.....# #
#...........# ..
#.....#.....# ##
#.....#.....# #
........#.....# #
#.##..>.#...@.# ..
........#.....# ..
...........S>####
..
....(..#........#
....###........#
... #........# ..
#........# .
#........#
#.......g#


You could see an adder.

Vanquished Creatures
  2 adders (D:2)
  A worm (D:2)
  2 dart slugs
  2 ball pythons (D:1)
  5 bats (D:1)
  An endoplasm (D:1)
  5 goblins (D:1)
  7 hobgoblins
  2 quokkas
  3 frilled lizards
  3 kobolds (D:1)
  4 rats (D:1)
37 creatures vanquished.

Vanquished Creatures (others)
  3 fungi (D:1)
  2 plants (D:1)
5 creatures vanquished.

Grand Total: 42 creatures vanquished

Notes
Turn   | Place    | Note
-------+----------+-------------------------------------------
     0 | D:1      | horus123 the Tengu Air Elementalist began the quest for the
                  | Orb.
     0 | D:1      | Reached XP level 1. HP: 10/10 MP: 4/4
   216 | D:1      | Reached XP level 2. HP: 15/15 MP: 0/6
   362 | D:1      | Learned a level 2 spell: Static Discharge
   383 | D:1      | Found a faded altar of an unknown god.
   808 | D:1      | Reached XP level 3. HP: 19/19 MP: 2/7
   858 | D:1      | Learned a level 3 spell: Swiftness
   873 | D:1      | Found Caelyor's Assorted Antiques.
   876 | D:1      | Reached skill level 5 in Air Magic
  1845 | D:2      | Reached XP level 4. HP: 7/24 MP: 0/9
  1914 | D:2      | HP: 1/24 [poisoned by an adder]
  1915 | D:2      | Succumbed to an adder's poison

Illustrated notes

Levels and vault maps discovered:
D:1:      lightli_arrival_isolated_outpost, layout_basic, serial_shops, shop,
          shapermc_ecumenical_altar_gd, minmay_pentomino_s2
D:2:      layout_basic

Skill      XL: |  1  2  3 |
---------------+----------+-----
Air Magic      | 5 |  5.1
Conjurations   | 2 |  2.5
Dodging        | |  2.2
Stealth        | |  2.1
Spellcasting   | |  2.8

Action                   |  1- 3 |  4- 6 || total
-------------------------+-------+-------++-------
 Cast: Shock             |    77 |     4 ||    81
       Static Discharge  |     3 |       ||     3
  Use: Scroll            |     2 |       ||     2
       Potion            |     1 |       ||     1
Armor: Robe              |     5 |     3 ||     8
Dodge: Dodged            |    15 |     4 ||    19
